[Event "FIN-ch 2018"]
[Site "Helsinki"]
[Date "2018.06.12"]
[Round "2"]
[White "Sipila, Vilka"]
[Black "Luukkonen, Tommi"]
[Result "1-0"]
[ECO "A33"]
[WhiteElo "2383"]
[BlackElo "2349"]
[Annotator "NA"]
[PlyCount "91"]
[EventDate "2018.06.13"]
[EventType "tourn"]
[EventCountry "FIN"]
[SourceTitle "playchess.com"]
[Source "ChessBase"]
[SourceQuality "1"]
[TimeControl "40/5400+30:1800+30"]

1. Nf3 c5 2. c4 Nc6 3. d4 cxd4 4. Nxd4 Nf6 5. Nc3 e6 6. a3 d5 7. cxd5 exd5 8. g3 Be7 9. Bg2 O-O $14 {[%emt 0:00:20] LiveBook: 8 Games} 10. O-O Bg4 11. h3 Be6 12. b3 Rc8 13. Bb2 Qb6 14. Na4 Qa6 15. Rc1 Nxd4 16. Qxd4 Qxe2 17. Qxa7 Rxc1 18. Rxc1 Ne4 19. Qd4 Bf6 20. Qe3 Nxg3 21. Qxg3 Bxb2 22. Nxb2 Qxb2 23. Rc7 b5 24. Rb7 Qxa3 25. Rxb5 Qa1+ 26. Kh2 Qa8 27. b4 Qd8 28. Qe5 Qd7 29. Rc5 Rd8 30. Qd4 f6 31. Kg1 Qd6 32. b5 Qb6 33. Qb4 Bf7 34. Rc6 Qb7 35. Qc5 Qd7 36. b6 d4 37. Rc7 Qe8 38. Re7 Qf8 39. Qc7 Bg6 40. Rxg7+ Kh8 41. Rd7 Rc8 42. Rxd4 Bf5 43. Qd6 Qg7 44. b7 Rg8 45. Qg3 Qf8 46. Qxg8+ 1-0

[Event "FIN-ch 2018"]
[Site "Helsinki"]
[Date "2018.06.13"]
[Round "3"]
[White "Luukkonen, Tommi"]
[Black "Keinanen, Toivo"]
[Result "1-0"]
[ECO "D31"]
[WhiteElo "2349"]
[BlackElo "2341"]
[Annotator "NA"]
[PlyCount "90"]
[EventDate "2018.06.13"]
[EventType "tourn"]
[EventCountry "FIN"]
[SourceTitle "playchess.com"]
[Source "ChessBase"]
[SourceQuality "1"]
[TimeControl "40/5400+30:1800+30"]

1. d4 d5 2. c4 e6 3. Nc3 Be7 4. cxd5 exd5 5. Bf4 c6 6. e3 Bf5 7. g4 Be6 8. Qb3 Qb6 9. f3 Nd7 10. h4 Ngf6 11. Bd3 c5 12. Nge2 O-O 13. h5 cxd4 14. Qxb6 Nxb6 15. Nxd4 Nc4 16. Bxc4 dxc4 17. h6 g6 18. Bg5 Rfd8 19. O-O-O Kf8 20. e4 Nd7 21. Nxe6+ fxe6 22. Be3 Nc5 23. Kc2 a6 24. f4 Nd3 25. Rdf1 Nb4+ 26. Kb1 Rd3 27. Bc1 Kf7 28. f5 gxf5 29. gxf5 e5 30. Rhg1 Bf8 31. f6 Rd6 32. a3 Nd3 33. Nd5 Rdd8 34. Be3 b5 35. Rf5 Nf4 36. Bxf4 exf4 37. Rxf4 Rac8 38. Rg7+ Bxg7 39. fxg7+ Ke6 40. Rf6+ Ke5 41. Rxa6 Kxe4 42. Ne7 Rd1+ 43. Ka2 c3 44. Nxc8 cxb2 45. Kxb2 Kd5 1-0

[Event "FIN-ch 2018"]
[Site "Helsinki"]
[Date "2018.06.13"]
[Round "3"]
[White "Niemi, Kalle"]
[Black "Jarvenpaa, Jari"]
[Result "1-0"]
[ECO "C41"]
[WhiteElo "2336"]
[BlackElo "2310"]
[Annotator "NA"]
[PlyCount "73"]
[EventDate "2018.06.13"]
[EventType "tourn"]
[EventCountry "FIN"]
[SourceTitle "playchess.com"]
[Source "ChessBase"]
[SourceQuality "1"]
[TimeControl "40/5400+30:1800+30"]

1. e4 e5 2. Nf3 d6 3. d4 exd4 4. Nxd4 Nf6 5. Nc3 Be7 6. Be2 O-O 7. Bf4 Re8 8. Qd2 Bf8 9. f3 Nc6 10. O-O-O Nxd4 11. Qxd4 Be6 12. Rhe1 Nd7 13. g4 Be7 14. Kb1 Bg5 15. Qd2 Bxf4 16. Qxf4 Qh4 17. Qe3 c6 18. Rg1 d5 19. f4 Nb6 20. e5 Qe7 21. Bd3 Qh4 22. Rg3 d4 23. Qxd4 Rad8 24. Qg1 Nd5 25. Nxd5 Bxd5 26. Qe3 Qe7 27. Rh3 h6 28. Rg1 Qb4 29. g5 hxg5 30. Rxg5 Kf8 31. a3 Qb6 32. Qg3 Ke7 33. Rxg7 Kd7 34. c4 Be6 35. f5 Kc8 36. fxe6 fxe6 37. Rhh7 1-0

[Event "FIN-ch 2018"]
[Site "Helsinki"]
[Date "2018.06.14"]
[Round "4"]
[White "Keinanen, Toivo"]
[Black "Jarvenpaa, Jari"]
[Result "1-0"]
[ECO "C10"]
[WhiteElo "2341"]
[BlackElo "2310"]
[Annotator "NA"]
[PlyCount "133"]
[EventDate "2018.06.13"]
[EventType "tourn"]
[EventCountry "FIN"]
[SourceTitle "playchess.com"]
[Source "ChessBase"]
[SourceQuality "1"]
[TimeControl "40/5400+30:1800+30"]

1. d4 e6 2. e4 d5 3. Nd2 dxe4 4. Nxe4 Nd7 5. g3 Ngf6 6. Nxf6+ Nxf6 7. Nf3 c5 8. Bg2 cxd4 {[%emt 0:03:21] C10: Französische Verteidigung (Rubinstein-Variante)} 9. Qxd4 Qxd4 10. Nxd4 Bc5 11. Nb3 Bd6 12. O-O Ke7 13. Na5 Rb8 {[%emt 0:24:05] [#]} 14. Nc4 $146 ({Vorgänger:} 14. Be3 Bc7 15. Bxa7 Ra8 16. Bc5+ {1-0 (29) Palac,M (2589)-Neubauer,M (2304) Baden 1999}) 14... Bc7 $1 15. b3 b5 16. Ba3+ b4 17. Bb2 Ba6 18. a3 Bxc4 19. bxc4 b3 20. Bd4 bxc2 21. Bxa7 Rb3 22. Rfc1 Rc8 23. Rxc2 $11 Be5 24. Raa2 Rb1+ 25. Bf1 Rc7 26. Be3 Ng4 27. Bd2 Nxh2 28. Kxh2 Rxf1 29. Be3 Rd1 30. Bb6 Rc6 31. c5 Bd4 32. a4 Kd7 33. a5 Rc8 34. c6+ Rxc6 35. Rxc6 Kxc6 36. Rc2+ Kb5 37. Rc7 Bxb6 38. axb6 Kxb6 39. Rxf7 Rd5 40. Rxg7 Rh5+ 41. Kg2 Kc6 42. Kf3 Rf5+ 43. Ke3 Re5+ 44. Kd4 Rh5 45. Ke4 Kd6 46. f4 Rh1 47. Ra7 Re1+ 48. Kf3 Rh1 49. Kg4 Rh6 50. Rg7 Rh1 51. Kg5 h5 52. Kf6 Rh3 53. Rg8 Kd7 54. Ke5 h4 55. Rg7+ Kd8 56. g4 Re3+ 57. Kf6 h3 58. Rh7 Re4 59. g5 Rxf4+ 60. Kxe6 Ke8 61. Rh8+ Rf8 62. Rxh3 Rf1 63. Rh8+ Rf8 64. Rxf8+ Kxf8 65. Kf6 Kg8 66. Kg6 Kh8 67. Kf7 1-0

[Event "FIN-ch 2018"]
[Site "Helsinki"]
[Date "2018.06.14"]
[Round "4"]
[White "Nyysti, Sampsa"]
[Black "Niemi, Kalle"]
[Result "1/2-1/2"]
[ECO "B30"]
[WhiteElo "2322"]
[BlackElo "2336"]
[Annotator "NA"]
[PlyCount "45"]
[EventDate "2018.06.13"]
[EventType "tourn"]
[EventCountry "FIN"]
[SourceTitle "playchess.com"]
[Source "ChessBase"]
[SourceQuality "1"]
[TimeControl "40/5400+30:1800+30"]

1. e4 c5 2. Nf3 Nc6 3. Bb5 d6 4. O-O Bd7 5. Re1 {[%emt 0:00:44] LiveBook: 2922 Games} Nf6 6. c3 a6 7. Bf1 Bg4 8. h3 Bxf3 9. Qxf3 e6 {[%emt 0:00:12] B51: Sicilian: Moscow Variation (3 Bb5+) without 3...Bd7} 10. d3 Be7 11. Be3 O-O 12. Nd2 d5 13. exd5 Nxd5 {[%emt 0:01:27] [#]} 14. Nb3 $146 ({Predecessor:} 14. Rad1 Rc8 15. Nb3 Nxe3 16. Qxe3 Qb6 17. g3 {½-½ (25) Kravtsiv,M (2672)-Andriasian,Z (2585) Riadh 2017}) 14... Nxe3 15. Qxe3 Qd5 16. g3 Rfd8 17. Rad1 Rac8 18. Bg2 Qd6 19. Bf3 b6 20. d4 cxd4 $1 21. Nxd4 $11 Nxd4 22. Rxd4 Qc7 23. Kg2 1/2-1/2

[Event "FIN-ch 2018"]
[Site "Helsinki"]
[Date "2018.06.14"]
[Round "4"]
[White "Walta, Paivi"]
[Black "Ristoja, Aulikki"]
[Result "1-0"]
[ECO "B01"]
[WhiteElo "1634"]
[BlackElo "1565"]
[Annotator "NA"]
[PlyCount "59"]
[EventDate "2018.06.13"]
[EventType "tourn"]
[EventCountry "FIN"]
[SourceTitle "playchess.com"]
[Source "ChessBase"]
[SourceQuality "1"]
[TimeControl "40/5400+30:1800+30"]

1. e4 d5 2. exd5 Qxd5 3. Nc3 Qa5 4. d4 c6 5. Nf3 Bg4 6. h3 Bxf3 {[%emt 0:00:20] LiveBook: 15 Games} 7. Qxf3 $16 ({Viel schlechter ist} 7. gxf3 Nd7 $11) 7... e6 8. Bc4 Nf6 9. O-O Qc7 10. Re1 Be7 11. Bd2 Nbd7 12. Rad1 h6 13. a3 g5 14. b4 a6 15. Ne2 O-O-O 16. Bd3 g4 17. hxg4 Rdg8 18. Bf4 Bd6 19. c4 Rxg4 20. Bxd6 Qxd6 21. g3 Rhg8 22. d5 Ne5 23. Qxf6 Rxg3+ 24. Nxg3 Ng4 25. Qxf7 Rg5 26. Qxe6+ Qxe6 27. dxe6 Nf6 28. e7 Rg8 29. Bf5+ Kc7 30. Re6 1-0

[Event "FIN-ch 2018"]
[Site "Helsinki"]
[Date "2018.06.15"]
[Round "5"]
[White "Niemi, Kalle"]
[Black "Koykka, Pekka"]
[Result "1/2-1/2"]
[ECO "A04"]
[WhiteElo "2336"]
[BlackElo "2345"]
[Annotator "NA"]
[PlyCount "93"]
[EventDate "2018.06.13"]
[EventType "tourn"]
[EventCountry "FIN"]
[SourceTitle "playchess.com"]
[Source "ChessBase"]
[SourceQuality "1"]
[TimeControl "40/5400+30:1800+30"]

1. Nf3 f5 2. d3 d6 3. e4 e5 4. Nc3 Nf6 5. exf5 Bxf5 6. d4 Nc6 7. Bb5 exd4 8. Nxd4 Bd7 9. O-O Nxd4 10. Qxd4 Be7 11. Bc4 c6 12. Bg5 Qb6 13. Bxf6 gxf6 14. Qe4 f5 15. Qe2 Kd8 16. Rad1 Re8 17. Bf7 Rf8 18. Be6 Rf6 19. Bxd7 Kxd7 20. Rfe1 Re8 21. Rd3 Qd8 22. Re3 Rf7 23. b4 Ref8 24. b5 Bg5 25. bxc6+ bxc6 26. Re6 Re7 27. Qc4 Rfe8 28. Rxe7+ Rxe7 29. Rb1 Qc7 30. h4 Bf6 31. Ne2 d5 32. Qa6 Ke8 33. Ng3 Qd7 34. Qd3 Qe6 35. Nxf5 Rd7 36. Nd4 Qe4 37. Nxc6 Qxd3 38. cxd3 Rc7 39. Nb4 Rc5 40. g3 a5 41. Na6 Rc6 42. Nb8 Rc2 43. Rb5 Bd4 44. Rxa5 Bxf2+ 45. Kf1 Bxg3 46. Na6 Bxh4 47. Rxd5 1/2-1/2

[Event "FIN-ch 2018"]
[Site "Helsinki"]
[Date "2018.06.15"]
[Round "5"]
[White "Jarvenpaa, Jari"]
[Black "Nyysti, Sampsa"]
[Result "1/2-1/2"]
[ECO "A46"]
[WhiteElo "2310"]
[BlackElo "2322"]
[Annotator "NA"]
[PlyCount "120"]
[EventDate "2018.06.13"]
[EventType "tourn"]
[EventCountry "FIN"]
[SourceTitle "playchess.com"]
[Source "ChessBase"]
[SourceQuality "1"]
[TimeControl "40/5400+30:1800+30"]

1. d4 Nf6 2. Nf3 e6 3. Bg5 h6 4. Bh4 c5 5. e3 b6 6. Nbd2 Bb7 7. c3 Be7 8. Bd3 cxd4 9. cxd4 Nc6 10. O-O O-O 11. a3 d5 12. Qb1 Nd7 13. Bg3 f5 14. Rc1 Rc8 15. b4 g5 16. Bb5 a6 17. Bxc6 Rxc6 18. Qd3 Qa8 19. Ne5 Nxe5 20. Bxe5 Rfc8 21. Rd1 Rc3 22. Qe2 g4 23. h3 h5 24. hxg4 hxg4 25. f3 Bc6 26. fxg4 Bb5 27. Qf3 Rf8 28. gxf5 Rxf5 29. Qg4+ Kf7 30. Qg7+ Ke8 31. a4 Bd3 32. Nf3 Qc8 33. Bf4 Be4 34. Qh8+ Rf8 35. Qh5+ Kd8 36. Ng5 Bc2 37. Rf1 Bd3 38. Nf7+ Rxf7 39. Qxf7 Bxf1 40. Rxf1 Rc1 41. Rxc1 Qxc1+ 42. Kh2 Qe1 43. Qxe6 Qh4+ 44. Qh3 Qxh3+ 45. gxh3 Bxb4 46. h4 b5 47. axb5 axb5 48. Kg2 Bc3 49. Kf3 b4 50. Ke2 b3 51. Kd3 Be1 52. Bd6 Bxh4 53. Kc3 Kd7 54. Bf4 Kc6 55. Kxb3 Be7 56. Kc3 Bd8 57. Kd3 Kd7 58. e4 dxe4+ 59. Kxe4 Bb6 60. d5 Bc5 1/2-1/2

[Event "FIN-ch 2018"]
[Site "Helsinki"]
[Date "2018.06.16"]
[Round "6"]
[White "Sipila, Vilka"]
[Black "Niemi, Kalle"]
[Result "0-1"]
[ECO "B13"]
[WhiteElo "2383"]
[BlackElo "2336"]
[Annotator "NA"]
[PlyCount "64"]
[EventDate "2018.06.13"]
[EventType "tourn"]
[EventCountry "FIN"]
[SourceTitle "playchess.com"]
[Source "ChessBase"]
[SourceQuality "1"]
[TimeControl "40/5400+30:1800+30"]

1. e4 c6 2. d4 d5 3. exd5 cxd5 4. Bd3 Nc6 5. c3 Nf6 6. Nf3 Bg4 7. Qb3 Qc7 8. Ne5 Nxe5 9. dxe5 Qxe5+ 10. Be3 Qc7 11. Na3 a6 12. c4 e6 13. cxd5 exd5 14. Rc1 Qe5 15. h3 Bd7 16. O-O Bd6 17. g3 Qh5 18. Bf4 Bxf4 19. Rfe1+ Be5 20. Qb4 Be6 21. h4 Rd8 22. Be2 Qf5 23. Bb5+ axb5 24. Nxb5 Ne4 25. Re2 Bd6 26. Nc7+ Bxc7 27. Rxc7 Nd6 28. g4 Qf6 29. g5 Qf5 30. Qa4+ b5 31. Qd4 O-O 32. Rxe6 Qxe6 0-1

[Event "FIN-ch 2018"]
[Site "Helsinki"]
[Date "2018.06.16"]
[Round "6"]
[White "Koykka, Pekka"]
[Black "Jarvenpaa, Jari"]
[Result "1-0"]
[ECO "D27"]
[WhiteElo "2345"]
[BlackElo "2310"]
[Annotator "NA"]
[PlyCount "79"]
[EventDate "2018.06.13"]
[EventType "tourn"]
[EventCountry "FIN"]
[SourceTitle "playchess.com"]
[Source "ChessBase"]
[SourceQuality "1"]
[TimeControl "40/5400+30:1800+30"]

1. d4 d5 2. c4 dxc4 3. e3 Nf6 4. Bxc4 e6 5. Nf3 c5 6. O-O a6 7. b3 Nc6 8. Bb2 Qc7 9. Nbd2 cxd4 10. Nxd4 Bd7 11. Rc1 Bd6 12. N4f3 O-O 13. Bd3 Be7 14. Bb1 Rad8 15. Qc2 g6 16. Ba1 Nd5 17. Ne4 Qa5 18. Nfd2 b5 19. Qb2 f6 20. Nc5 Bxc5 21. Rxc5 Nce7 22. Ne4 e5 23. a3 Qb6 24. b4 Bf5 25. Qb3 Qe6 26. Rcc1 Nf4 27. Qxe6+ Nxe6 28. Ba2 Bxe4 29. Bxe6+ Kh8 30. Rc7 Nd5 31. Ra7 Rd6 32. Bh3 Bd3 33. Rd1 Rc6 34. Rd7 Bc4 35. g3 Rb8 36. Bg2 Rc7 37. R1xd5 Bxd5 38. Rxc7 Bxg2 39. Kxg2 Rd8 40. Bc3 1-0

[Event "FIN-ch 2018"]
[Site "Helsinki"]
[Date "2018.06.16"]
[Round "6"]
[White "Keinanen, Toivo"]
[Black "Nyysti, Sampsa"]
[Result "1-0"]
[ECO "E06"]
[WhiteElo "2341"]
[BlackElo "2322"]
[Annotator "NA"]
[PlyCount "93"]
[EventDate "2018.06.13"]
[EventType "tourn"]
[EventCountry "FIN"]
[SourceTitle "playchess.com"]
[Source "ChessBase"]
[SourceQuality "1"]
[TimeControl "40/5400+30:1800+30"]

1. d4 Nf6 2. c4 e6 3. g3 d5 4. Nf3 Be7 5. Bg2 O-O 6. O-O dxc4 7. Qc2 a6 8. a4 Bd7 9. Qxc4 Bc6 10. Bf4 Bd6 11. Qc1 Bxf4 12. Qxf4 Qd6 13. Nc3 Nbd7 14. Rfc1 Rac8 15. Qh4 Bxf3 16. Bxf3 c6 17. Qf4 Qxf4 18. gxf4 a5 19. Rcb1 Nd5 20. Nxd5 cxd5 21. b4 axb4 22. Rxb4 Rc7 23. Rab1 b6 24. f5 Rfc8 25. Bg4 Rc1+ 26. Kg2 Rxb1 27. Rxb1 Rc6 28. e4 exf5 29. Bxf5 Nf8 30. exd5 Rc4 31. Rxb6 Rxa4 32. d6 Rxd4 33. d7 Rxd7 34. Bxd7 Nxd7 35. Rb7 Nf8 36. Kg3 g6 37. Kf4 Kg7 38. Ke5 h5 39. f4 Nh7 40. f5 g5 41. Rb6 Nf8 42. Rd6 Nh7 43. f6+ Kh6 44. Rd8 g4 45. Kf5 Ng5 46. Rh8+ Nh7 47. Rg8 1-0

[Event "FIN-ch 2018"]
[Site "Helsinki"]
[Date "2018.06.17"]
[Round "7"]
[White "Niemi, Kalle"]
[Black "Luukkonen, Tommi"]
[Result "0-1"]
[ECO "B90"]
[WhiteElo "2336"]
[BlackElo "2349"]
[Annotator "NA"]
[PlyCount "96"]
[EventDate "2018.06.13"]
[EventType "tourn"]
[EventCountry "FIN"]
[SourceTitle "playchess.com"]
[Source "ChessBase"]
[SourceQuality "1"]
[TimeControl "40/5400+30:1800+30"]

1. e4 c5 2. Nf3 d6 3. d4 cxd4 4. Nxd4 Nf6 5. Nc3 a6 6. Be3 e6 {[%emt 0:00:22] LiveBook: 6518 Games} 7. f3 b5 8. Qd2 b4 {[%emt 0:00:10] B80: Sicilian Scheveningen: 6 g3 and 6 Be3, including English Attack} 9. Nce2 (9. Na4 Nbd7 10. O-O-O Qa5 11. b3 Bb7 12. a3 Qc7 13. axb4 d5 14. Bf2 Bd6 15. exd5 Nxd5 16. Bg3 {1-0 (36) Nakamura,H (2781)-Grandelius,N (2647) Caleta 2018}) 9... e5 10. Nb3 a5 11. c4 Be6 12. Rc1 $146 ({Predecessor:} 12. Ng3 Nbd7 13. Nc1 h5 14. Bd3 h4 15. Nge2 Rc8 16. b3 {1-0 (52) Petenyi,T (2443)-Artemiev,V (2658) Novi Sad 2016}) 12... a4 13. Na1 Nc6 14. Ng3 Qa5 15. Bd3 (15. Nf5 $11 {keeps the balance.}) 15... Be7 16. O-O O-O 17. Nf5 Bxf5 $1 18. exf5 Rfd8 19. Qf2 Rab8 20. g4 e4 21. Bxe4 Ne5 22. Bb1 d5 23. g5 d4 24. Bd2 Nh5 (24... d3 $16 25. gxf6 Bxf6) 25. Qh4 g6 26. f4 d3 27. fxe5 {[%emt 0:09:33] [#]} Bc5+ $1 28. Kg2 {[%emt 0:01:18] [#]} Qa8+ $1 29. Rf3 {[%emt 0:00:34] [#]} Rd4 $1 30. Qh3 Rf4 31. Re1 Rd8 32. e6 fxe6 33. fxg6 hxg6 34. Rxe6 Kg7 $18 35. Qxh5 gxh5 36. Bxf4 Kf7 37. Rh6 Ke7 38. Kg3 Qe4 39. Rxh5 Qe1+ 40. Kh3 Qxb1 41. Rh7+ Ke6 42. Rh6+ Kd7 43. g6 Bd4 44. Rh7+ Kc6 45. g7 Rg8 46. Rh6+ Kb7 47. Be5 Bxe5 48. Rf7+ Bc7 0-1

[Event "FIN-ch 2018"]
[Site "Helsinki"]
[Date "2018.06.17"]
[Round "7"]
[White "Nyysti, Sampsa"]
[Black "Koykka, Pekka"]
[Result "1/2-1/2"]
[ECO "C17"]
[WhiteElo "2322"]
[BlackElo "2345"]
[Annotator "NA"]
[PlyCount "83"]
[EventDate "2018.06.13"]
[EventType "tourn"]
[EventCountry "FIN"]
[SourceTitle "playchess.com"]
[Source "ChessBase"]
[SourceQuality "1"]
[TimeControl "40/5400+30:1800+30"]

1. e4 e6 2. d4 d5 3. Nc3 Bb4 4. e5 c5 5. a3 Ba5 (5... Bxc3+ $5 6. bxc3 Ne7 $11) 6. b4 cxd4 7. Qg4 Kf8 {[%emt 0:00:23] LiveBook: 69 Games C18: French: 3 Nc3 Bb4: Main line: 7 h4 and 7 Qg4} 8. Qxd4 (8. Nb5 Bc7 9. Qg3 Nc6 10. f4 a6 11. Nxc7 Qxc7 12. Bb2 Nge7 13. Bd3 Nf5 14. Qf2 Bd7 15. Nf3 {1-0 (29) Fedoseev,V (2724)-Mamedyarov,S (2809) Moscow 2018}) 8... Bb6 9. Qd2 $146 ({Predecessor:} 9. Qf4 Ne7 10. Bd3 Ng6 11. Bxg6 hxg6 12. Nf3 Kg8 13. Nb5 Qe7 14. Bb2 Nd7 15. c4 {½-½ (54) Bodnaruk,A (2428)-Bivol,A (2354) Kaliningrad 2015}) 9... Nc6 10. Nf3 Nge7 11. Bb2 Ng6 12. O-O-O Bc7 13. Nb5 Bb8 14. Qe3 a6 15. Nbd4 Ncxe5 16. Nxe5 Bxe5 17. Nxe6+ Bxe6 18. Bxe5 Nxe5 19. Qxe5 a5 20. Qd4 h5 21. Kb2 Rh6 22. Bc4 Qc7 23. Bb3 Rf6 24. g3 $11 Bg4 25. Rd3 Bf3 26. Re1 Be4 27. Rc3 Qd6 28. f4 axb4 29. Qxb4 Qxb4 30. axb4 Rb6 31. Rc5 Rxb4 32. Kc3 Rb6 33. Bxd5 Bxd5 34. Rxd5 g6 35. Rd7 h4 36. Kd2 Ra3 37. Re3 Rxe3 38. Kxe3 Re6+ 39. Kf3 hxg3 40. hxg3 Rc6 41. Rxb7 Rxc2 42. Ke4 1/2-1/2

[Event "FIN-ch 2018"]
[Site "Helsinki"]
[Date "2018.06.17"]
[Round "7"]
[White "Jarvenpaa, Jari"]
[Black "Sipila, Vilka"]
[Result "0-1"]
[ECO "A05"]
[WhiteElo "2310"]
[BlackElo "2383"]
[Annotator "NA"]
[PlyCount "70"]
[EventDate "2018.06.13"]
[EventType "tourn"]
[EventCountry "FIN"]
[SourceTitle "playchess.com"]
[Source "ChessBase"]
[SourceQuality "1"]
[TimeControl "40/5400+30:1800+30"]

1. Nf3 Nf6 2. c4 g6 3. Nc3 Bg7 4. e4 d6 5. d4 O-O 6. h3 e5 7. d5 Na6 8. Bd3 Nh5 {[%emt 0:00:49] LiveBook: 16 Games E90: King's Indian: Classical: Early deviations and 6 h3} 9. g3 (9. O-O Nc5 10. Bc2 a5 11. Re1 Bd7 12. Rb1 Qe8 13. Be3 b6 14. a3 a4 15. Nd2 Kh8 16. Qe2 {0-1 (56) Morozevich,A (2788)-Grischuk,A (2728) Moscow 2008}) 9... f5 10. exf5 gxf5 11. Nh4 Nf4 12. Bxf4 $146 ({Predecessor:} 12. Bc2 Qf6 13. Bxf4 exf4 14. O-O Bd7 15. Ng2 fxg3 16. fxg3 {0-1 (61) Johansson,T (2173)-Markidis,K (2342) Sunny Beach 2010}) 12... exf4 13. Qh5 Nb4 14. O-O-O Qf6 15. Kb1 fxg3 16. fxg3 Bd7 17. Rhf1 Nxd3 18. Rxd3 Rae8 19. g4 f4 20. Rdf3 Re5 21. Nf5 {[%emt 0:00:18] [#]} Bxf5+ $2 (21... Be8 $1 $19 {[%cal Re8h5] is more deadly.} 22. Nxg7 Bxh5 23. Nxh5 Qg6+ 24. Kc1 Re3 25. Rxf4 Rxf4 26. Nxf4 Qf6) 22. gxf5 Rxf5 23. Qg4 Qd4 24. Rg1 Kh8 25. Qg2 Re8 26. a3 Rf7 27. Qf1 Rfe7 28. Rh1 (28. Qd1 $142) 28... Re2 29. Qc1 R2e3 30. Rxe3 Rxe3 31. Nb5 Qd3+ 32. Qc2 Rxh3 $17 ({Black should play} 32... Qe2 $19 33. Qxe2 Rxe2) 33. Rxh3 Qxh3 34. Qe4 Be5 35. c5 Qf1+ 0-1

[Event "FIN-ch 2018"]
[Site "Helsinki"]
[Date "2018.06.18"]
[Round "8"]
[White "Sipila, Vilka"]
[Black "Nyysti, Sampsa"]
[Result "1-0"]
[ECO "E20"]
[WhiteElo "2383"]
[BlackElo "2322"]
[Annotator "NA"]
[PlyCount "109"]
[EventDate "2018.06.13"]
[EventType "tourn"]
[EventCountry "FIN"]
[SourceTitle "playchess.com"]
[Source "ChessBase"]
[SourceQuality "1"]
[TimeControl "40/5400+30:1800+30"]

1. d4 Nf6 2. c4 e6 3. Nc3 Bb4 4. f3 c5 5. d5 d6 6. e4 b5 {[%emt 0:00:42] E20: Nimzo-Indian: 4 g3 and 4 f3} (6... O-O 7. Nge2 b5 8. Ng3 exd5 9. cxd5 a6 10. a4 Ba5 11. Be2 Nbd7 12. O-O c4 13. Kh1 Rb8 14. axb5 axb5 15. Nf5 Nc5 16. Rxa5 Qxa5 {1-0 (37) Mamedyarov,S (2772)-Li,R (2577) chess.com INT 2017}) 7. Nge2 bxc4 8. Nf4 e5 9. Nfe2 Nbd7 10. Ng3 Nb6 11. Be2 Qe7 $146 ({Predecessor:} 11... g6 12. O-O Bxc3 13. bxc3 Nfd7 14. a4 {1-0 (32) Adhiban,B (2643)-Laxman,R (2456) Bhubaneswar 2018}) 12. O-O h5 13. Bg5 h4 14. Nh1 Rh5 15. Qc1 Bd7 16. Nf2 O-O-O 17. f4 Rxg5 18. fxg5 Nh7 19. Ncd1 Qxg5 20. Ne3 Kb8 $16 21. a3 Ba5 22. Bxc4 Nxc4 23. Nxc4 Qxc1 24. Rfxc1 Bc7 25. b4 cxb4 26. Rab1 Ka8 27. Nxe5 Bb6 28. Nxd7 Rxd7 29. Rxb4 Nf6 30. Rc6 Rd8 31. Kf1 Bc5 32. Ra4 Kb7 33. Nd3 Bb6 34. Ke2 Re8 35. Kf3 Nxd5 36. Rxd6 Nf6 37. e5 Bc7 38. Rb4+ Kc8 39. Rc4 Kb7 40. Rb4+ Kc8 41. Rc6 Nd5 42. Rxh4 Ne7 43. Rc3 Ng6 44. Rhc4 Re7 45. h4 Kd8 46. h5 Nxe5+ 47. Nxe5 Bxe5 48. Rd3+ Rd7 49. Rxd7+ Kxd7 50. Ra4 Bb8 51. Ke4 Ke6 52. Ra6+ Ke7 53. Kf5 Kd7 54. Ra4 Ke7 55. Rb4 1-0

[Event "FIN-ch 2018"]
[Site "Helsinki"]
[Date "2018.06.18"]
[Round "8"]
[White "Luukkonen, Tommi"]
[Black "Jarvenpaa, Jari"]
[Result "0-1"]
[ECO "B10"]
[WhiteElo "2349"]
[BlackElo "2310"]
[Annotator "NA RC"]
[PlyCount "31"]
[EventDate "2018.06.13"]
[EventType "tourn"]
[EventCountry "FIN"]
[SourceTitle "playchess.com"]
[Source "ChessBase"]
[SourceQuality "1"]
[TimeControl "40/5400+30:1800+30"]

1. e4 c6 2. Nc3 d5 3. Nf3 dxe4 4. Nxe4 Nf6 5. Qe2 Bf5 6. Nxf6+ gxf6 7. b3 e6 8. Bb2 Nd7 (8... Bxc2 $17 9. Qc4 Bg6) 9. Nd4 Qa5 (9... Bg6 $11) 10. O-O-O $2 (10. Nxf5 $14 Qxf5 11. O-O-O) 10... Qxa2 11. b4 ({Aber nicht} 11. Nxf5 $2 Ba3 $19) 11... Bxb4 12. Qe3 Bg6 13. f4 O-O-O 14. g4 Be4 15. Rg1 $19 ({Avoid the trap} 15. Qxe4 $2 Ba3) (15. Bc4 $142 Qxc4 16. d3) 15... Nc5 16. Ne2 0-1

[Event "FIN-ch 2018"]
[Site "Helsinki"]
[Date "2018.06.18"]
[Round "8"]
[White "Keinanen, Toivo"]
[Black "Koykka, Pekka"]
[Result "1-0"]
[ECO "A37"]
[WhiteElo "2341"]
[BlackElo "2345"]
[Annotator "NA"]
[PlyCount "57"]
[EventDate "2018.06.13"]
[EventType "tourn"]
[EventCountry "FIN"]
[SourceTitle "playchess.com"]
[Source "ChessBase"]
[SourceQuality "1"]
[TimeControl "40/5400+30:1800+30"]

1. Nf3 c5 2. c4 Nc6 3. g3 g6 4. Bg2 Bg7 5. Nc3 d6 6. a3 e6 7. O-O Nge7 {[%emt 0:01:10] LiveBook: 101 Games} 8. d3 O-O 9. Bg5 h6 10. Bd2 d5 11. Rb1 dxc4 (11... a5 $11) 12. dxc4 Na5 13. b3 Nac6 14. Qc1 Kh7 15. Rd1 $16 Nd4 16. b4 Nec6 17. bxc5 Qe7 18. Nxd4 Nxd4 19. e3 Nc6 20. Ne4 Qc7 21. Nd6 e5 22. Bc3 Nd8 23. Qb2 Bf5 24. Nxf5 gxf5 25. Qc2 e4 26. Rd5 Ne6 27. Rxf5 Bxc3 28. Bxe4 Bg7 29. Rxf7+ 1-0

[Event "FIN-ch 2018"]
[Site "Helsinki"]
[Date "2018.06.19"]
[Round "9"]
[White "Koykka, Pekka"]
[Black "Sipila, Vilka"]
[Result "1-0"]
[ECO "A48"]
[WhiteElo "2345"]
[BlackElo "2383"]
[Annotator "NA"]
[PlyCount "77"]
[EventDate "2018.06.13"]
[EventType "tourn"]
[EventCountry "FIN"]
[SourceTitle "playchess.com"]
[Source "ChessBase"]
[SourceQuality "1"]
[TimeControl "40/5400+30:1800+30"]

1. d4 Nf6 2. Nf3 g6 3. Bf4 Bg7 4. e3 O-O 5. Be2 {[%emt 0:00:28] LiveBook: 1085 Games} d6 6. O-O Nh5 7. Bg5 h6 8. Bh4 g5 9. Nfd2 gxh4 10. Bxh5 e5 11. c3 Nd7 12. Bf3 Kh8 13. Na3 f5 $11 14. dxe5 Nxe5 15. Be2 f4 16. exf4 Rxf4 17. Nac4 Nxc4 18. Nxc4 Qg5 19. Ne3 Be5 20. Qd3 Be6 21. g3 hxg3 22. hxg3 Rh4 23. Ng2 Rh3 24. f4 Qg8 25. fxe5 Rxg3 26. Bf3 Rf8 27. Qd2 Qg7 28. Bxb7 d5 29. Rxf8+ Qxf8 30. Rf1 Qg7 31. Rf6 Rg6 32. Bxd5 Rxf6 33. exf6 Qxf6 34. Bxe6 Qxe6 35. Qd8+ Kg7 36. Qxc7+ Kf6 37. Qxa7 h5 38. Qd4+ Kg5 39. Qe3+ 1-0